 Dungeon Crawl Stone Soup version 0.21.1-1-g345015fe64 (webtiles) character file.

7361 Oravi the Martial Artist (level 11, -10/84 HPs)
             Began as a Merfolk Transmuter on May 10, 2018.
             Was a High Priest of Okawaru.
             Mangled by a small abomination (19 damage)
             ... on level 8 of the Dungeon.
             The game lasted 00:37:43 (9602 turns).

Oravi the Martial Artist (Merfolk Transmuter)       Turns: 9602, Time: 00:37:44

Health: -10/84     AC:  4    Str: 11    XL:     11   Next: 14%
Magic:  10/20      EV: 18    Int: 16    God:    Okawaru [*****.]
Gold:   517        SH:  0    Dex: 14    Spells: 6/23 levels left

rFire    . . .     SeeInvis .     - Unarmed
rCold    + . .     Gourm    .   (shield currently unavailable)
rNeg     . . .     Faith    .   b - +0 robe
rPois    .         Spirit   .   u - +0 helmet
rElec    .         Reflect  .   (no cloak)
rCorr    .         Harm     .   (gloves currently unavailable)
MR       .....                  E - +0 pair of boots
Stlth    +.........             (no amulet)
HPRegen  0.24/turn              t - ring of protection from cold
MPRegen  0.17/turn              z - ring of wizardry

@: blade hands
A: change form in water, swift swim, stealthy swim
a: End Transformation, Heroism, Finesse, Renounce Religion


You were on level 8 of the Dungeon.
You worshipped Okawaru.
Okawaru was extremely pleased with you.
You were not hungry.
You had blades for hands.
You visited 2 branches of the dungeon, and saw 9 of its levels.

You collected 517 gold pieces.

Inventory:

Hand Weapons
 p - a +5 spear of flaming
 A - the +3 trident "Onker" {flame, *Rage rElec MR+}
   (You found it on level 6 of the Dungeon)

   It has been specially enchanted to burn those struck by it, causing extra
   injury to most foes and up to half again as much damage against particularly
   susceptible opponents.
   It insulates you from electricity.
   It affects your resistance to hostile enchantments.
   It may make you go berserk in combat.
 G - a cursed -1 trident
Missiles
 a - 72 arrows
Armour
 b - a +0 robe (worn)
 k - a +0 buckler
 m - a +2 pair of gloves (melded)
 u - a +0 helmet (worn)
 E - a +0 pair of boots (worn)
Magical Staves
 K - an uncursed staff of fire
Jewellery
 q - an uncursed ring of protection from cold
 t - a ring of protection from cold (left scythe-like blade)
 y - an uncursed ring of fire
 z - a ring of wizardry (right scythe-like blade)
 D - a cursed amulet of magic regeneration {unknown}
 I - a +2 ring of strength {unknown}
Scrolls
 e - 4 scrolls of teleportation
 f - a scroll of enchant weapon
 g - 5 scrolls of remove curse
 h - 3 scrolls of identify
 i - a scroll of fog
 x - a scroll of fear
 H - a scroll of magic mapping
Potions
 j - 2 potions of agility
 o - 3 potions of heal wounds
 r - a potion of invisibility
 v - 3 potions of lignification
 w - 2 potions of might {unknown}
 B - a potion of brilliance
 C - a potion of flight
Books
 c - a book of Changes

   Spells                             Type                      Level
   a - Beastly Appendage              Transmutation                1
   b - Sticks to Snakes               Transmutation                2
   c - Spider Form                    Transmutation/Poison         3
   d - Ice Form                       Ice/Transmutation            4
   e - Blade Hands                    Transmutation                5
 l - a book of Minor Magic

   Spells                             Type                      Level
   a - Magic Dart                     Conjuration                  1
   b - Blink                          Translocation                2
   c - Call Imp                       Summoning                    2
   d - Slow                           Hexes                        2
   e - Conjure Flame                  Conjuration/Fire             3
   f - Mephitic Cloud                 Conjuration/Poison/Air       3
 n - a book of Cantrips

   Spells                             Type                      Level
   a - Confusing Touch                Hexes                        1
   b - Animate Skeleton               Necromancy                   1
   c - Summon Small Mammal            Summoning                    1
   d - Apportation                    Translocation                1
 s - a book of Misfortune

   Spells                             Type                      Level
   a - Confusing Touch                Hexes                        1
   b - Confuse                        Hexes                        3
   c - Gell's Gravitas                Translocation                3
   d - Petrify                        Transmutation/Earth          4
   e - Metabolic Englaciation         Hexes/Ice                    5
   f - Yara's Violent Unravelling     Hexes/Transmutation          5
 F - a book of Enchantments

   Spells                             Type                      Level
   a - Cause Fear                     Hexes                        4
   b - Yara's Violent Unravelling     Hexes/Transmutation          5
   c - Silence                        Hexes/Air                    5
   d - Deflect Missiles               Charms/Air                   6
   e - Discord                        Hexes                        8
Comestibles
 d - 16 rations
 J - 4 chunks of flesh


   Skills:
 + Level 7.5 Fighting
 + Level 9.7 Dodging
 * Level 10.6 Unarmed Combat
 + Level 6.6 Spellcasting
 + Level 9.9 Transmutations


You had 6 spell levels left.
You knew the following spells:

 Your Spells              Type           Power        Failure   Level  Hunger
a - Spider Form           Tmut/Pois      ###.......   13%         3    ##.....
b - Sticks to Snakes      Tmut           #####...     4%          2    None
c - Beastly Appendage     Tmut           #####.       3%          1    None
d - Blade Hands           Tmut           #####.....   16%         5    #####..
e - Ice Form              Ice/Tmut       ###.....     28%         4    ####...
f - Blink                 Tloc           N/A          32%         2    None


Dungeon Overview and Level Annotations

Branches:
Dungeon (8/15)             Temple (1/1) D:4
   Lair: D:8-11

Altars:
Cheibriados
Dithmenos
Fedhas
Gozag
Hepliaklqana
Kikubaaqudgha
Nemelex Xobeh
Okawaru
Ru
Sif Muna
Trog
Uskayaw
Vehumet
Wu Jian
Xom
Zin
Lugonu

Shops:
D:5 %


Message History

You slash the small abomination!
The small abomination is severely damaged.
The small abomination hits you.
You hit the small abomination.
The small abomination is almost destroyed.
The small abomination closely misses you.
The green ugly thing basks in the mutagenic energy from its kin and changes!
You slice the small abomination!!
You destroy the small abomination!
Okawaru accepts your kill.
You slice the small abomination!!
The small abomination is severely damaged.
The small abomination misses you.
You slash the small abomination!
The small abomination is almost destroyed.
The small abomination hits you!!
* * * LOW HITPOINT WARNING * * *
You enter the transporter and appear at another place.
The small abomination hits you!!
You die...

..# ########....#####. ####### #
#)...# #. ##..## .## #....# #.
#.©..# ##.. ###....# #. #....##
#..# #......# #. ##.†..###...#
#......###### ######.......# ###
#....#.......
#.#####.$:[.#####.###....#.......
..©.###.$_}.###.@x^##....#.......
..#####.$)|.#####........#.......
.## ##x......# ##########.......
.####hx.###...# #.......
###.#u.## #..# #....... #..###
##.. #....... ##©.# .## #.......
####### # ####.... ..#
################ #....


You could see a small abomination.

Vanquished Creatures
  Erica (D:8)
  A two-headed ogre (D:8)
  The ghost of NullDivider the Covert, a novice SpAr of Gozag (D:8)
  An ugly thing (D:8)
  Prince Ribbit (D:5)
  Grinder (D:3)
  4 hogs
  A human (D:7)
  A water moccasin (D:8)
  An ice beast (D:7)
  2 small abominations (D:8)
  A sky beast (D:8)
  6 orc warriors
  2 black bears
  A necrophage (D:8)
  3 ogres
  3 centaurs
  A crocodile (D:7)
  2 big kobolds
  2 bullfrogs
  Blork the orc (D:4)
  4 gnoll sergeants (D:7)
  3 scorpions
  A wyvern skeleton (D:8)
  5 wights
  6 killer bees
  2 howler monkeys (D:8)
  3 crimson imps
  A gnoll shaman (D:5)
  A hound (D:5)
  A jelly (D:6)
  5 orc priests
  2 bullfrog skeletons
  8 orc wizards
  2 iguanas
  Natasha (thrice) (D:2)
  3 worker ants
  A hound zombie (D:8)
  Robin (D:4)
  12 gnolls
  18 adders
  A shadow imp (D:5)
  An ooze (D:3)
  2 adder skeletons (D:8)
  A worm (D:2)
  4 dart slugs
  5 leopard geckos
  25 orcs
  4 giant cockroaches
  18 goblins
  11 hobgoblins
  2 jackals (D:2)
  4 quokkas
  7 bats
  5 frilled lizards
  A jackal skeleton (D:7)
  14 kobolds
  5 rats
229 creatures vanquished.

Notes
Turn   | Place    | Note
-------+----------+-------------------------------------------
     0 | D:1      | Oravi the Merfolk Transmuter began the quest for the Orb.
     0 | D:1      | Reached XP level 1. HP: 15/15 MP: 3/3
    37 | D:1      | Reached XP level 2. HP: 5/21 MP: 3/5
   797 | D:1      | Reached XP level 3. HP: 20/26 MP: 4/6
   801 | D:1      | Reached skill level 4 in Unarmed Combat
   806 | D:1      | Learned a level 2 spell: Sticks to Snakes
   810 | D:1      | Learned a level 3 spell: Spider Form
  1034 | D:2      | Noticed Natasha
  1088 | D:2      | Killed Natasha
  1088 | D:2      | Reached XP level 4. HP: 12/32 MP: 2/7
  1279 | D:2      | Found a shimmering altar of Xom.
  1280 | D:2      | Found a hazy altar of Hepliaklqana.
  1280 | D:2      | Noticed a bullfrog
  1281 | D:2      | Noticed a spectral ugly thing
  1281 | D:2      | Noticed a bullfrog
  1418 | D:2      | Noticed Natasha
  1427 | D:2      | Killed Natasha
  1511 | D:2      | Noticed Natasha
  1516 | D:2      | Killed Natasha
  1516 | D:2      | Reached XP level 5. HP: 23/38 MP: 4/8
  1834 | D:3      | Noticed Grinder
  1840 | D:3      | Reached XP level 6. HP: 27/46 MP: 4/10
  1846 | D:3      | Paralysed by Grinder for 5 turns
  2075 | D:3      | Paralysed by Grinder for 7 turns
  2089 | D:3      | Killed Grinder
  2089 | D:3      | Reached skill level 5 in Unarmed Combat
  2089 | D:3      | Reached skill level 5 in Transmutations
  2305 | D:3      | Reached XP level 7. HP: 52/52 MP: 2/11
  3254 | D:4      | Found an ornate altar of the Wu Jian Council.
  3333 | D:4      | Noticed Robin
  3348 | D:4      | Killed Robin
  3359 | D:4      | Reached skill level 5 in Dodging
  3667 | D:4      | Noticed Blork the orc
  3677 | D:4      | Killed Blork the orc
  3873 | D:4      | Found a staircase to the Ecumenical Temple.
  3883 | Temple   | Entered the Ecumenical Temple
  3900 | Temple   | Became a worshipper of Warmaster Okawaru
  4313 | D:5      | Entered Level 5 of the Dungeon
  4320 | D:5      | Reached XP level 8. HP: 60/60 MP: 9/13
  4587 | D:5      | Reached skill level 6 in Unarmed Combat
  5111 | D:5      | Reached * piety under Okawaru
  5255 | D:5      | Found Plog's Food Emporium.
  5255 | D:5      | Noticed Prince Ribbit
  5267 | D:5      | Killed Prince Ribbit
  5766 | D:6      | Got a faintly glowing trident
  5777 | D:5      | Identified the +3 trident "Onker" {flame, *Rage rElec MR+} (You found it on level 6 of the Dungeon)
  5987 | D:6      | Reached skill level 5 in Fighting
  6090 | D:6      | Reached skill level 7 in Unarmed Combat
  6090 | D:6      | Reached XP level 9. HP: 67/68 MP: 11/15
  6107 | D:6      | Reached ** piety under Okawaru
  7062 | D:7      | Reached skill level 5 in Spellcasting
  7198 | D:7      | Reached skill level 8 in Unarmed Combat
  7218 | D:7      | Reached *** piety under Okawaru
  7514 | D:7      | Reached XP level 10. HP: 73/76 MP: 15/18
  7780 | D:7      | Found a shadowy altar of Dithmenos.
  7788 | D:7      | Learned a level 2 spell: Blink
  7798 | D:6      | Learned a level 4 spell: Ice Form
  7804 | D:6      | Learned a level 5 spell: Blade Hands
  7827 | D:7      | Reached skill level 9 in Unarmed Combat
  8165 | D:7      | Found a deep blue altar of Sif Muna.
  8335 | D:7      | Found a snail-covered altar of Cheibriados.
  8335 | D:7      | Found a bloodstained altar of Trog.
  8336 | D:7      | Found a sacrificial altar of Ru.
  8720 | D:8      | Noticed Erica
  8734 | D:8      | Killed Erica
  8734 | D:8      | Reached **** piety under Okawaru
  8746 | D:8      | Found a sparkling altar of Nemelex Xobeh.
  8974 | D:8      | Received a gift from Okawaru
  8991 | D:8      | Noticed NullDivider's ghost (novice SpAr)
  9017 | D:8      | Killed NullDivider's ghost
  9017 | D:8      | Reached skill level 10 in Unarmed Combat
  9072 | D:8      | Noticed a two-headed ogre
  9087 | D:8      | Killed a two-headed ogre
  9087 | D:8      | Reached ***** piety under Okawaru
  9087 | D:8      | Reached XP level 11. HP: 76/84 MP: 13/20
  9509 | D:8      | Found a transporter.
  9513 | D:8      | Found a corrupted altar of Lugonu.
  9522 | D:8      | Noticed a brown ugly thing
  9523 | D:8      | Noticed a green ugly thing
  9572 | D:8      | Noticed a purple ugly thing
  9582 | D:8      | Killed a purple ugly thing
  9588 | D:8      | Found a transporter.
  9602 | D:8      | Mangled by a small abomination

Skill      XL: |  1  2  3  4  5  6  7  8  9 10 |
---------------+-------------------------------+-----
Transmutations | 3 4 5 6 7 8 9 |  9.9
Unarmed Combat | 4 5 7 8 10 | 10.6
Dodging        | 3 4 5 6 8 9 |  9.7
Fighting       | 2 3 5 6 7 |  7.5
Spellcasting   | 3 4 5 6 |  6.6

Action                   |  1- 3 |  4- 6 |  7- 9 | 10-12 || total
-------------------------+-------+-------+-------+-------++-------
Melee: Unarmed           |   110 |    91 |   353 |   231 ||   785
       Headbutt          |     9 |       |       |       ||     9
       Punch             |       |       |       |     1 ||     1
 Cast: Beastly Appendage |    12 |       |       |       ||    12
       Spider Form       |     1 |    16 |    48 |    23 ||    88
       Sticks to Snakes  |       |     4 |     8 |    12 ||    24
       Blink             |       |       |       |     4 ||     4
       Blade Hands       |       |       |       |     2 ||     2
Invok: Heroism           |       |       |     4 |     6 ||    10
  Use: Potion            |     2 |       |     2 |       ||     4
       Scroll            |       |       |    12 |     4 ||    16
 Stab: Invisible         |     5 |       |       |       ||     5
       Sleeping          |       |     2 |       |       ||     2
       Distracted        |       |     1 |       |     2 ||     3
  Eat: Chunk             |     1 |     7 |    14 |     9 ||    31
       Ration            |       |       |     2 |       ||     2
Armor: Robe              |    20 |       |     2 |     4 ||    26
       Skin              |       |     1 |    15 |     2 ||    18
Dodge: Dodged            |    74 |    74 |   441 |   194 ||   783
